 Dungeon Crawl Stone Soup version 0.26-a0-652-gafc20e3620 (webtiles) character file.

Game seed: 5821370829827750295

120 DoubleLucky the Magician (level 4, 0/24 HPs)
             Began as a Deep Elf Hedge Wizard on Oct 3, 2020.
             Slain by a frilled lizard (3 damage)
             ... on level 2 of the Dungeon.
             The game lasted 00:05:32 (2552 turns).

DoubleLucky the Magician (Deep Elf Hedge Wizard)    Turns: 2552, Time: 00:05:33

Health: 0/24       AC:  2    Str:  7    XL:     4   Next: 75%
Magic:  6/14       EV: 13    Int: 20    God:
Gold:   92         SH:  0    Dex: 14    Spells: 12/15 levels left

rFire    . . .     SeeInvis .   a - +0 dagger
rCold    . . .     Faith    .   (no shield)
rNeg     . . .     Spirit   .   b - +0 robe
rPois    .         Reflect  .   c - +0 hat
rElec    .         Harm     .   (no cloak)
rCorr    .         Rampage  .   (no gloves)
MR       .....                  (no boots)
Stlth    ++........             (no amulet)
HPRegen  0.08/turn              (no ring)
MPRegen  0.14/turn              (no ring)

@: lethally poisoned (0 -> -3)
A: no striking features
a: no special abilities


You were on level 2 of the Dungeon.
You visited 1 branch of the dungeon, and saw 3 of its levels.

You collected 92 gold pieces.

Inventory:

Hand Weapons
 a - a +0 dagger (weapon)
Missiles
 g - 15 poisoned darts (quivered)
Armour
 b - a +0 robe (worn)
 c - a +0 hat (worn)
Scrolls
 d - a scroll of enchant armour {unknown}
 f - a scroll of remove curse {unknown}
 h - 5 scrolls of identify {unknown}
 j - 3 scrolls of teleportation {unknown}
Potions
 e - 2 potions of stabbing {unknown}
 i - 2 potions of heal wounds {unknown}
 k - a potion of resistance {unknown}
 l - a potion of curing {unknown}


   Skills:
 - Level 2.4 Dodging
 - Level 2.4 Stealth
 + Level 6.2 Spellcasting
 + Level 3.6 Conjurations
 - Level 1.1 Summonings
   Level 1.1 Translocations


You had 12 spell levels left.
You knew the following spells:

 Your Spells              Type           Power        Failure   Level
a - Magic Dart            Conj           ###.         2%          1
b - Call Imp              Summ           ##......     10%         2

Your spell library contained the following spells:

 Spells                   Type           Power        Failure   Level
 Blink                    Tloc           N/A          10%         2
 Conjure Flame            Conj/Fire      ##......     14%         3
 Slow                     Hex            #.......     16%         2
 Mephitic Cloud           Conj/Pois/Air  ##......     19%         3


Dungeon Overview and Level Annotations

Branches:
Dungeon (3/15)

Altars:


Message History

* * * LOW HITPOINT WARNING * * *
You feel sick.
Casting: Magic Dart (safe; 2% risk of failure)
Confirm with . or Enter, or press ? or * to list all spells.
Aiming: Magic Dart (safe; 2% risk of failure)
Press: ? - help, Shift-Dir - straight line, f - scorpion
Aim: a scorpion (moderately wounded)
The magic dart hits the scorpion.
The scorpion is severely wounded.
The scorpion stings you but does no damage.
The frilled lizard closely misses you. The goblin barely misses you.
Casting: Magic Dart (safe; 2% risk of failure)
Confirm with . or Enter, or press ? or * to list all spells.
Aiming: Magic Dart (safe; 2% risk of failure)
Press: ? - help, Shift-Dir - straight line, f/p - scorpion
Aim: a scorpion (severely wounded)
The magic dart hits the scorpion.
The scorpion is almost dead.
The adder misses you. The frilled lizard bites you.
You die...

#.# ######.#
#......#
#.####.....##
...........#
.####.....#
#..>...#
#...lgS#
#..os@.# #
#......# .
####......# #
..........#
##
########..#
.) ####.# ..
####§§..# ##
#.§§.§P.# ..
#§§§§...#


You could see a scorpion, an adder, an orc, a goblin and a frilled lizard.

Vanquished Creatures
  5 adders (D:2)
  An ooze (D:1)
  An adder zombie (D:2)
  4 adder skeletons (D:2)
  2 dart slugs (D:1)
  2 leopard geckos (D:1)
  2 ball pythons
  A bat skeleton (D:2)
  2 bat zombies (D:2)
  A giant cockroach (D:2)
  3 goblins (D:1)
  4 hobgoblins (D:1)
  2 jackals (D:2)
  4 kobolds
  A quokka (D:2)
  5 bats (D:1)
  2 frilled lizards (D:2)
  A jackal skeleton (D:2)
  2 leopard gecko skeletons (D:2)
  A quokka skeleton (D:2)
  2 quokka zombies (D:2)
  7 rats
55 creatures vanquished.

Vanquished Creatures (others)
  4 withered plants (D:2)
4 creatures vanquished.

Grand Total: 59 creatures vanquished

Notes
Turn   | Place    | Note
-------+----------+-------------------------------------------
     0 | D:1      | DoubleLucky the Deep Elf Hedge Wizard began the quest for
                  | the Orb.
     0 | D:1      | Reached XP level 1. HP: 10/10 MP: 7/7
   250 | D:1      | Reached XP level 2. HP: 15/15 MP: 6/9
   418 | D:1      | Reached skill level 5 in Spellcasting
   904 | D:1      | Reached XP level 3. HP: 19/19 MP: 9/11
  1564 | D:2      | Reached XP level 4. HP: 24/24 MP: 6/13
  1710 | D:2      | HP: 1/24 [adder skeleton (4)]
  2077 | D:2      | Reached skill level 6 in Spellcasting
  2187 | D:2      | Learned a level 2 spell: Call Imp
  2552 | D:2      | Slain by a frilled lizard

Illustrated notes

Levels and vault maps discovered:
D:1:      kennysheep_arrival_forest, layout_rooms, minmay_close_crescents
D:2:      layout_loops_ring, nicolae_overflow_crystal_walls, serial_undead,
          serial_undead_f, serial_undead_d, serial_undead_e, serial_undead_e,
          serial_undead_a, serial_undead_d, serial_undead_b, serial_undead_a,
          serial_undead_c, serial_undead_a
D:3:      layout_loops_ring, old_standard_altar, old_standard_altar,
          hangedman_abyss_or_decor_lesser_grid

Skill      XL: |  1  2  3  4 |
---------------+-------------+-----
Conjurations   | 2 3 |  3.6
Spellcasting   | 5 6 |  6.2
Dodging        | |  2.4
Stealth        | |  2.4
Summonings     | |  1.1
Translocations | |  1.1

Action                   |  1- 3 |  4- 6 || total
-------------------------+-------+-------++-------
Melee: Dagger            |     2 |     7 ||     9
 Cast: Magic Dart        |    91 |    70 ||   161
       Call Imp          |       |     1 ||     1
Armor: Robe              |     4 |     4 ||     8
Dodge: Dodged            |    33 |    31 ||    64

Table legend: (Time is in decaauts)
 A = Elapsed time spent in this place.
 B = Non-inter-level travel time spent in this place.
 C = Inter-level travel time spent in this place.
 D = Time resting spent in this place.
 E = Time spent auto-exploring this place.
 F = Levels seen in this place.
 G = Mean time per level.
                   A        B        C        D        E       F      G
               +--------+--------+--------+--------+--------+-----+--------+
         Total |   2552 |   2539 |     13 |      0 |   2196 |   3 |  850.7 |
       Dungeon |   2552 |   2539 |     13 |      0 |   2196 |   3 |  850.7 |
               +--------+--------+--------+--------+--------+-----+--------+

Top non-repeatable levels by time:
     D:1: 1347 daAuts
     D:2: 1203 daAuts
     D:3: 1 daAuts
